AoeStats
← nidia.arfanotti

Black Forest

510237803Analyzed
2v2 RM · 19h ago on Sep 30, 2026· 43m 10s· 4 players
Game mode
Random Map
Map size
Medium (4 player)
Population
200
Speed
Normal
Resources
Standard
Victory
Conquest
Starting age
Dark Age
Ending age
Imperial Age
RankedLock teamsTeams togetherTeam positionsShared explorationLock speedFull tech treeHidden civsTurbo modeCheats
Victory
Defeat
🇷🇺 Bohemians · Russia
829
+14
🇲🇽 Franks · Mexico
776
+15
🇦🇷 Khmer · Argentina
810
-42
🇺🇾 Romans · Uruguay
736
-13
fadax12345
0:47 Loom
12:45 Feudal Age
14:15 Wheelbarrow
15:11 Double-Bit Axe
15:11 Man-at-Arms
17:27 Arson
24:08 Castle Age
23:48 Gold Mining
26:43 Hand Cart
27:43 Stone Mining
31:08 Husbandry
36:45 Imperial Age
34:35 Bow Saw
38:25 Scale Barding Armor
38:21 Scale Mail Armor
38:31 Forging
40:14 Cavalier
X-you
0:31 Loom
11:38 Feudal Age
12:20 Double-Bit Axe
12:17 Horse Collar
13:17 Wheelbarrow
22:19 Castle Age
23:18 Bow Saw
23:10 Heavy Plow
23:56 Hand Cart
26:24 Chemistry
25:36 Fortified Wall
31:25 Imperial Age
32:26 Houfnice
34:30 Padded Archer Armor
34:21 Fletching
34:32 Scale Mail Armor
34:42 Forging
34:17 Elite Hussite Wagon
35:19 Conscription
36:23 Two-Man Saw
37:03 Wagenburg Tactics
36:50 Heavy Scorpion
36:59 Pikeman
37:40 Squires
38:11 Chain Mail Armor
38:32 Iron Casting
38:13 Leather Archer Armor
38:24 Ballistics
38:01 Halberdier
38:46 Bodkin Arrow
40:22 Caravan
40:59 Plate Mail Armor
41:30 Blast Furnace
40:43 Siege Engineers
DonutGiveUp🍩
0:31 Loom
12:53 Feudal Age
19:44 Castle Age
17:39 Man-at-Arms
25:15 Long Swordsman
25:58 Squires
26:05 Pikeman
32:46 Fortified Wall
34:50 Ballistics
35:09 Wheelbarrow
34:24 Double-Bit Axe
34:58 Forging
34:48 Scale Mail Armor
34:53 Scale Barding Armor
35:24 Ballistas
37:46 Masonry
39:14 Bow Saw
38:49 Horse Collar
43:22 Hand Cart
nidia.arfanotti
6:46 Loom
19:52 Feudal Age
Connection lost

Rejoining the realm…

Still unreachable

The connection could not be restored.

Session expired

The server has moved on; the page needs a fresh start.